Cogmind - Beta 9.4 @@@ ROGUE MODE // 2020.01.25 @ 23:38:10 Player: rdominick Result: Destroyed by as-10610 with Assembled Heavy Rifle Performance ------------- Evolutions (0) 0 Regions Visited (2) 400 Robots Destroyed (29) 145 Value Destroyed (396) 396 Prototype IDs (2) 40 Alien Tech Used (0) 0 Bonus (0) 0 TOTAL SCORE: 981 Bonus ------- None Cogmind --------- Core Integrity 0/250 Matter 174/300 Energy 100/100 System Corruption 5% Temperature Cool (8) Movement Walking (120) Location -10/Mines Parts ------- > --- POWER (1) -------- (None) > --- PROPULSION (2) --- Aluminum Leg Aluminum Leg > --- UTILITY (2) ------ (None) > --- WEAPON (2) ------- (None) > --- INVENTORY (4) ---- Aluminum Leg Peak State ------------ > --- POWER ------------ Light Ion Engine > --- PROPULSION ------- Aluminum Leg Aluminum Leg > --- UTILITY ---------- Heat Sink Medium Matter Pod > --- WEAPON ----------- Assault Rifle Grenade Launcher > --- INVENTORY -------- Aluminum Leg Medium Laser [Rating: 7] Favorites ----------- Power Light Ion Engine Engine Light Ion Engine Propulsion Aluminum Leg Leg Aluminum Leg Utility Heat Sink Device Heat Sink Storage Medium Matter Pod Weapon Assault Rifle Energy Gun Medium Laser Ballistic Gun Assault Rifle Launcher Grenade Launcher Build | -11 -10 -10 ------- Run | Scr Mat Min Slots Evolved . | . . . Power . | . . . Propulsion . | . . . Utility . | . . . Weapon . | . . . Parts Attached 14 | 6 4 4 Power 2 | 1 . 1 Engine 2 | 1 . 1 Core . | . . . Reactor . | . . . Propulsion 5 | 2 2 1 Treads . | . . . Leg 5 | 2 2 1 Wheel . | . . . Hover . | . . . Flight . | . . . Utility 2 | 1 1 . Device 1 | 1 . . Storage 1 | . 1 . Processor . | . . . Hackware . | . . . Protection . | . . . Artifact . | . . . Weapon 5 | 2 1 2 Energy Gun 1 | . . 1 Energy Cannon . | . . . Ballistic Gun 3 | 2 . 1 Ballistic Cannon . | . . . Launcher 1 | . 1 . Special Weapon . | . . . Impact Weapon . | . . . Slashing Weapon . | . . . Piercing Weapon . | . . . Special Melee Weapon . | . . . Unidentified Prototypes . | . . . Parts Lost 7 | . . 7 Power 2 | . . 2 Propulsion . | . . . Utility 2 | . . 2 Weapon 3 | . . 3 Highest Loss Streak 5 | . . 5 Average Slot Usage (%) 82 | . 85 77 Engine 11 | . 14 6 Leg 28 | . 28 28 Device 11 | . 14 6 Storage 4 | . . 12 Energy Gun 1 | . . 3 Ballistic Gun 14 | . 17 8 Launcher 10 | . 10 11 Naked Turns . | . . . Heaviest Build 11 | 7 11 11 Greatest Support 20 | 20 20 20 Greatest Overweight (x) . | . . . Average Overweight (x) . | . . . Largest Inventory Capacity 4 | 4 4 4 Average Capacity 4 | 4 4 4 Most Carried 4 | 3 4 4 Average Carried 1 | 1 1 2 Final Capacity 4 | 4 4 4 Final Carried 2 | 2 2 1 Class Distribution -------------------- 100% | Mutant Dominant Class ---------------- Mutant | -10/Materials Mutant | -10/Mines Resources | -11 -10 -10 ----------- Run | Scr Mat Min Matter Collected 457 | 258 154 45 Remotely . | . . . Salvage Created 475 | 48 260 167 Parts 43 | 3 20 20 Haulers Intercepted . | . . . Recyclers Shooed 1 | . 1 . Parts Field Recycled . | . . . Retrieved Matter . | . . . Parts Self-Destructed . | . . . Prevented . | . . . Kills | -11 -10 -10 ------- Run | Scr Mat Min Combat Hostiles Destroyed 23 | 1 6 16 Guns 5 | 1 2 2 AOE 18 | . 4 14 Classes Destroyed 6 | 1 3 2 Worker 2 | . 1 1 Builder 3 | . 1 2 Tunneler 1 | . 1 . Swarmer 3 | . . 3 Grunt 9 | 1 6 2 Assembled 11 | . . 11 Best Kill Streak 11 | 1 7 11 Combat Bots Only 11 | 1 4 11 Max Kills in Single Turn 6 | 1 2 6 Gunslinging . | . . . Exploded 6 | . 1 6 Melee . | . . . Uniques/NPCs Destroyed . | . . . Combat | -11 -10 -10 -------- Run | Scr Mat Min Damage Taken 981 | 20 317 644 Core 262 | 20 44 198 Absorbed by Shields . | . . . Core Remaining (%) 92 | 92 . . Volleys Fired 42 | 2 24 16 Largest 2 | 2 2 2 Hottest 80 | 40 50 80 Shots Fired 68 | 4 40 24 Gun 52 | 4 34 14 Cannon . | . . . Launcher 16 | . 6 10 Special . | . . . Kinetic 50 | 4 34 12 Thermal 2 | . . 2 Explosive 16 | . 6 10 Electromagnetic . | . . . Robot Hit Streak 6 | 4 6 1 Robot Miss Streak 4 | . 4 3 Penetration Max . | . . . Secondary Targets 1 | . 1 . Max Gunslinging Chain 1 | . 1 . Shots Hit Robots 36 | 4 24 8 Core Hits 60 | 2 16 42 Critical Hits . | . . . Critical Kills . | . . . Critical Parts Destroyed . | . . . Melee Attacks . | . . . Impact . | . . . Slashing . | . . . Piercing . | . . . Sneak Attacks . | . . . Combat Hostiles . | . . . Follow-up Attacks . | . . . Damage Inflicted 1638 | 42 508 1088 Guns 263 | 42 154 67 Cannons . | . . . Explosions 1375 | . 354 1021 Melee . | . . . Ramming . | . . . Kinetic 251 | 42 154 55 Thermal 12 | . . 12 Explosive 1375 | . 354 1021 Electromagnetic . | . . . Impact . | . . . Slashing . | . . . Piercing . | . . . Highest Corruption 5 | . . 5 Average Corruption 5 | . . 5 Corruption Purged . | . . . Effects 1 | . . 1 Heat Flow Errors 1 | . . 1 Overload Shots . | . . . Overflow Damage 47 | . 15 32 Projectiles . | . . . Explosions 47 | . 15 32 Melee . | . . . Knockbacks . | . . . Impact . | . . . Kinetic . | . . . Secondary . | . . . Self-Inflicted Damage 51 | . 13 38 Shots 4 | . 2 2 Rammed . | . . . Targets Rammed 1 | . . 1 Kicked 1 | . . 1 Crushed . | . . . Highest Temperature 79 | 6 5 79 Average Temperature 14 | 6 5 18 Received Heat Transfer 311 | 12 168 131 Siege Activations . | . . . Robots Corrupted . | . . . Combat Hostiles . | . . . Parts Fried . | . . . Impact Corruptions . | . . . Robots Melted . | . . . Combat Hostiles . | . . . Parts Melted . | . . . Heat Transferred 37 | . . 37 Parts Sabotaged . | . . . Parts Stolen . | . . . Parts Stripped . | . . . Power Chain Reactions . | . . . Missiles Intercepted . | . . . Alert | -11 -10 -10 ------- Run | Scr Mat Min Peak Influence 203 | 20 203 193 Average Influence 98 | 2 97 149 Maximum Alert Level 1 | . 1 . Low Security (%) 95 | 100 92 100 Level 1 4 | . 7 . Level 2 . | . . . Level 3 . | . . . Level 4 . | . . . Level 5 . | . . . High Security . | . . . Max Security . | . . . Squads Dispatched 1 | . 1 . Investigation . | . . . Extermination . | . . . Reinforcement 1 | . 1 . Assault . | . . . Garrison . | . . . Intercept . | . . . Construction Impeded . | . . . Haulers Reinforced . | . . . Stealth | -11 -10 -10 --------- Run | Scr Mat Min Distress Signals 2 | . 2 . Communications Jammed . | . . . Distress Signals . | . . . Times Spotted 34 | 1 8 25 Peak Tracking Total 20 | 1 3 20 Tactical Retreats . | . . . Traps | -11 -10 -10 ------- Run | Scr Mat Min Traps Triggered . | . . . Indirectly . | . . . Trap Hack Attempts . | . . . Triggered . | . . . Disarmed . | . . . Reprogrammed . | . . . Reused . | . . . Traps Extracted . | . . . Installed . | . . . Triggered . | . . . Machines | -11 -10 -10 ---------- Run | Scr Mat Min Machines Disabled 1 | . 1 . Max in Single Turn 1 | . 1 . Machines Sabotaged . | . . . Garrisons Compromised . | . . . Overloaded Fab Kills . | . . . Fab Network Shutdowns . | . . . Hacking | -11 -10 -10 --------- Run | Scr Mat Min Machines Accessed 2 | . 2 . Terminals 2 | . 2 . Fabricators . | . . . Repair Stations . | . . . Recycling Units . | . . . Scanalyzers . | . . . Garrison Access . | . . . Total Hacks 3 | . 3 . Successful 3 | . 3 . Failed . | . . . Catastrophic . | . . . Database Lockouts . | . . . Manual . | . . . Terminals 3 | . 3 . Fabricators . | . . . Repair Stations . | . . . Recycling Units . | . . . Scanalyzers . | . . . Garrison Access . | . . . Terminal Hacks 3 | . 3 . Record 2 | . 2 . Prototype ID Bank 1 | . 1 . Fabricator Hacks . | . . . Repair Station Hacks . | . . . Recycling Unit Hacks . | . . . Scanalyzer . | . . . Garrison Access Hacks . | . . . Unauthorized Hacks . | . . . Terminals . | . . . Fabricators . | . . . Repair Stations . | . . . Recycling Units . | . . . Scanalyzers . | . . . Garrison Access . | . . . Data Cores Recovered . | . . . Used . | . . . Hacking Detections 1 | . 1 . Full Trace Events . | . . . Feedback Events . | . . . Feedback Blocked . | . . . Robot Schematics Acquired . | . . . Robots Built . | . . . Matter . | . . . Time . | . . . Total Robot Build Rating . | . . . Part Schematics Acquired . | . . . Parts Built . | . . . Matter . | . . . Time . | . . . Total Part Build Rating . | . . . Parts Repaired . | . . . Time . | . . . Parts Recycled . | . . . Recycled Matter . | . . . Retrieved Matter . | . . . Retrieved Components . | . . . Parts Scanalyzed . | . . . Part Schematics Acquired . | . . . Parts Damaged . | . . . Bothacking | -11 -10 -10 ------------ Run | Scr Mat Min Used RIF Installer . | . . . Robots Hacked . | . . . Non-combat . | . . . Combat . | . . . Robot Hacks Applied . | . . . Relay Couplers Released . | . . . Robots Rewired . | . . . Allies Hacked . | . . . Hacks Repelled . | . . . Allies | -11 -10 -10 -------- Run | Scr Mat Min Total Allies . | . . . Largest Group . | . . . Highest-Rated Group . | . . . Highest-Rated Ally . | . . . Total Orders . | . . . Ally Attacks . | . . . Total Damage . | . . . Kills . | . . . Allies Corrupted . | . . . Allies Melted . | . . . Intel | -11 -10 -10 ------- Run | Scr Mat Min Robot Analysis Total . | . . . Derelict Logs Recovered . | . . . Drone Launches . | . . . Drone Recoveries . | . . . Exploration | -11 -10 -10 ------------- Run | Scr Mat Min Turns Passed 671 | 102 365 204 Spaces Moved 456 | 83 243 130 Core 23 | 23 . . Treads . | . . . Legs 433 | 60 243 130 Wheels . | . . . Hover . | . . . Flight . | . . . Fastest Speed 50 | 50 120 120 Average Speed 116 | 100 120 120 Slowest Speed 120 | 120 120 120 Overloaded Moves . | . . . Propulsion Burnouts . | . . . Robots Hopped . | . . . Cave-ins Triggered . | . . . Exploration Rate (%) 24 | 8 30 35 Regions Visited 2 Branch Regions 1 Pre-discovered Areas . | . . . Known Exits Taken . | . . . Unknown Exits Taken 2 | 1 1 . Scrap Searched . | . . . Spaces Dug . | . . . Terrain Destroyed 110 | . 39 71 Melee . | . . . Projectile . | . . . AOE 110 | . 39 71 Actions | -11 -10 -10 --------- Run | Scr Mat Min Total 531 | 98 279 154 Wait . | . . . Move 454 | 82 242 130 Hop . | . . . Pick Up 15 | 8 5 2 Fast Attach . | . . . Attach 10 | 6 1 3 Detach . | . . . Swap 4 | . 3 1 Drop 5 | . 4 1 Fire 42 | 2 24 16 Melee . | . . . Ram . | . . . Kick 1 | . . 1 Crush . | . . . Escape Stasis . | . . . Rewire . | . . . Trap . | . . . Miscellaneous . | . . . Route ------- -11/Scrapyard -10/Materials (discovered 2 exits: [*Mat] / [*Min]) -10/Mines (discovered 1 exit: [*Mat]) History --------- Turn | Location | Event 2 | -11/Scrapyard | Met Revision 17 79 | -11/Scrapyard | Discovered new exit (range 8) 103 | -11/Scrapyard | Entered Materials 304 | -10/Materials | Build established: Mutant 359 | -10/Materials | Discovered new exit (range 16) 448 | -10/Materials | Discovered new exit (range 8) 468 | -10/Materials | Entered Mines 525 | -10/Mines | Discovered new exit (range 15) 624 | -10/Mines | Assembled infested the area 629 | -10/Mines | Assisted by a Guerilla fighting off Assembled 641 | -10/Mines | Core integrity fell below 50% 653 | -10/Mines | Core integrity fell below 20% 656 | -10/Mines | Destroyed 11 combat bots 672 | -10/Mines | Destroyed by as-10610 with Assembled Heavy Rifle Last Messages --------------- CX-Z70(h) system corrupted by crushing effect. CX-Z70(h) system terminally corrupted. The unstable cave ceiling collapses. Knocked back. The unstable cave ceiling collapses. as-22655 suffers critical hit. Med. Matter Pod destroyed. System corrupted by crushing effect (+5). Lgt. Assault Rifle destroyed. Knocked back. Lgt. Ion Engine destroyed. K-01 Serf collects debris. as-64662 sneak attacks. U-05 Engineer system corrupted by crushing effect. U-05 Engineer system terminally corrupted. Knocked back. Kicked K-01 Serf out of the way. K-01 Serf system corrupted by crushing effect. T-07 Excavator destroyed. System corrupted: Heat flow error (+102). Map ----- +----------------------------------------------------+ | ???????????????????????# #????######## | | ???????????????????????# #????## | | | ???????????????????????# ##??## = | | ??????????????????????## #### !!= | | ?????????????????????## | | ?????????????????????# ! | | ????????????????????## ### = | | ????????????????????# ##?# # | | ????????????????????# #??# # | | ????????????????????## #?# ! ### | | ??????????????????#??# ## ## | | ????????????????# ### # ### | | ???????????????# ##?# | | ???????????????# ####?# | | ?????????????## ### #????# | | ????????????## #??# ##????# | | ????????????# #???# ###?????# | | ???????????## ##?#### !#??????## | | ???????????# ? #?## #????### | | ???????????? ?# #?# #???## | | ????????????? ?# #?# #??## | | ?????????????# #?# ### #### | | ?????????????# #?# ## aa | | ????????????## ### a%| | | ??????????### a* ##### ## | | ??????????# @ ##??##% #? | | ?????????# ##???# ## | | ?????????# ##### ##????# # | | ?????????# ## ##???####?????## | | ????????# #?####??????????????# = | | ??????? ????????????????????# ]%# | | ?????# ????????????????????# =# | | ?????# ?????????????????????## # | | ?????# ???????????????????????# | | ?????# ????????????????????????# % | | ?????# ?????????????????????????# # % | | ?????#??????????????????????????## | | ????????????????????????????????? % | | ????????????????????????????????? % % | | ????????????????????????????????# # % | | ????????????????????????????????#### % | | ???????????????????????????????????# " | | ???????????????????????????????????? # | | ???????????????????????????????????? ? | | ???????????????????????????????????? ? | | ???????????????????????????????????????? | | ???????????????????????????????????????? | | ???????????????????????????????????????? | | ???????????????????????????????????????? | | ???????????????????????????????????????? | +----------------------------------------------------+ Best States ------------- Heat Dissipation 35 Energy Generation 10 Energy Capacity 125 Matter Stores 300 Matter Capacity 400 Sight Range 16 Terrain Scan Density 10 Evasion (%) 50 Item Schematics ----------------- None Robot Schematics ------------------ None Fabricated ------------ Nothing Alien Tech Used ----------------- None Achievements -------------- Hunted Quick And Dirty Uninvited Guest Challenges ------------ None Game ------ Seed SignalAssemblyMembrane Manual? 0 Play Time 00:12:17 Cumulative 1.0 hours Start 2020.01.25 @ 23:27:52 End 2020.01.25 @ 23:38:10 Sessions 1 Manual Loads 0 Difficulty Rogue Special Mode None Game No. 3 Rogue 2 Adventurer 1 Explorer 0 Win Type - Total 0 Types 0/0/0/0/0/0/0 Lore% 0 Gallery% 2 Achievement% 1 Wizard Run 0 Options --------- ASCII 0 Keyboard 0 Movement Arrows Keybinds 0 Fullscreen 1 Font 18/X11Bold Map View 76x50 Tactical HUD 0 Map Filters NONE Filters NONE Steam 1 RUN: e91fc267-587e-464c-bb03-138016f43298